[Event "Titled Tuesday Blitz April 18 Late 2023"]
[White "Rios Escobar, Adan"]
[Black "Skaric, Djuro"]
[WhiteFideId "3403645"]
[BlackFideId "934569"]
[WhiteElo "2486"]
[BlackElo "2282"]
[Result "1-0"]
[Round "09"]
[TimeControl "180+2"]
[Date "2023.04.18"]
[WhiteClock "0:01:00"]
[BlackClock "0:01:36"]

1. d4 d6 2. g3 g6 3. Bg2 Bg7 4. e4 Nf6 5. Ne2 O-O 6. O-O Nc6 7. Nbc3 e5 8. dxe5 dxe5 9. Bg5 Be6 10. Nd5 Bxd5 11. exd5 Ne7 12. c4 Qd6 13. Rc1 b6 14. Qa4 h6 15. Bxf6 Bxf6 16. b4 e4 17. Bxe4 Qe5 18. Bf3 Nf5 19. Rfe1 Rae8 20. Kg2 Nd4 21. Nxd4 Qxd4 22. Rxe8 b5 23. Qxb5 Qb2 24. Rce1 Bd4 25. Rxf8+ Kxf8 26. Re2 Qb1 27. c5 Qf5 28. Qb8+ Kg7 29. Qxc7 g5 30. h3 Qf6 31. d6 Be5 32. Qxa7 h5 33. Bd5 g4 34. hxg4 hxg4 35. Qxf7+ Qxf7 36. Bxf7 Kf6 37. Rxe5 1-0


[Site "https://www.chess.com"]

[Event "Titled Tuesday Blitz April 18 Late 2023"]
[White "Liu, Eric"]
[Black "Todorovic, Bojan"]
[WhiteFideId "30960240"]
[BlackFideId "917087"]
[WhiteElo "2094"]
[BlackElo "2266"]
[Result "1-0"]
[Round "09"]
[TimeControl "180+2"]
[Date "2023.04.18"]
[WhiteClock "0:00:31"]
[BlackClock "0:00:03"]

1. b3 d5 2. Bb2 Bg4 3. g3 Nd7 4. Bg2 c6 5. Nf3 Ngf6 6. c4 e6 7. d3 a5 8. a3 Be7 9. Nbd2 O-O 10. O-O h6 11. Qc2 Qb6 12. e4 dxe4 13. dxe4 Bxf3 14. Bxf3 e5 15. Bg2 Bc5 16. Nf3 Rfe8 17. Nh4 Ng4 18. h3 Nxf2 19. Rxf2 Bxf2+ 20. Qxf2 Qxf2+ 21. Kxf2 Nc5 22. Ke2 Nxb3 23. Rd1 Nc5 24. Nf5 Rad8 25. Rxd8 Rxd8 26. Bxe5 Re8 27. Bxg7 Nxe4 28. Bxe4 Rxe4+ 29. Kd3 Re1 30. Bxh6 Ra1 31. Bd2 Rxa3+ 32. Bc3 b5 33. Kc2 b4 34. Bb2 Rf3 35. Ne7+ Kh7 36. Nxc6 b3+ 37. Kd2 a4 38. Ne5 Rxg3 39. Nxf7 Rg2+ 40. Kc1 Rg1+ 41. Kd2 Rg2+ 42. Kc1 Kg6 43. Ne5+ Kf5 44. Nd3 Ke4 45. Nc5+ Ke3 46. Bc3 Ra2 47. Kb1 Rc2 48. Nxa4 Kd3 49. c5 Rh2 50. c6 Rg2 51. c7 Rg8 52. Be5 1-0


[Site "https://www.chess.com"]

[Event "Titled Tuesday Blitz April 18 Late 2023"]
[White "Lorenzo De La Riva, Lazaro"]
[Black "Rodriguez Santiago, Jaime"]
[WhiteFideId "2268809"]
[BlackFideId "3100898"]
[WhiteElo "2294"]
[BlackElo "2025"]
[Result "1-0"]
[Round "09"]
[TimeControl "180+2"]
[Date "2023.04.18"]
[WhiteClock "0:00:18"]
[BlackClock "0:00:01"]

1. b3 e5 2. Bb2 Nc6 3. g3 Bd6 4. Bg2 Nf6 5. d3 Qe7 6. a3 O-O 7. Nd2 a5 8. e3 Bc5 9. Ne2 d6 10. O-O Bg4 11. h3 Bh5 12. c4 Rfe8 13. Re1 Rad8 14. Qc2 Bg6 15. Ne4 Nxe4 16. dxe4 Rf8 17. g4 h5 18. Nc3 Qh4 19. f3 hxg4 20. hxg4 Ne7 21. Qf2 Qg5 22. Nd5 Nxd5 23. cxd5 c6 24. Rad1 cxd5 25. Rxd5 Rc8 26. Kh2 f6 27. Bf1 Bf7 28. Bc4 g6 29. Kg2 Kg7 30. Rd3 Rh8 31. Bxf7 Kxf7 32. Qg3 Rh4 33. Rh1 Rch8 34. Rxh4 Rxh4 35. b4 Bxe3 36. Qe1 Bf4 37. Rxd6 Rh2+ 38. Kg1 Rxb2 39. Qc3 Be3+ 40. Kf1 Rf2+ 41. Ke1 Bd2+ 42. Rxd2 Rxd2 43. Qxd2 Qxd2+ 44. Kxd2 axb4 45. axb4 b5 46. Ke3 Ke6 47. f4 exf4+ 48. Kxf4 g5+ 49. Kf3 Kd6 50. Ke2 Ke6 51. Kd3 Kd6 52. Kd4 Ke6 53. Kc5 Ke5 54. Kxb5 Kxe4 55. Kc6 f5 56. b5 f4 57. b6 f3 58. b7 f2 59. b8=Q f1=Q 60. Qe8+ Kd4 61. Qd7+ Kc3 62. Qg7+ Kd2 63. Qxg5+ Kd1 64. Qf5 Qa6+ 65. Kd7 Qb7+ 66. Ke6 Qc8+ 67. Kf6 Qf8+ 68. Kg5 Qg7+ 69. Kf4 Qd4+ 70. Qe4 Qf6+ 71. Kg3 Qd6+ 72. Qf4 Qe7 73. g5 Kc2 74. Kg4 Kb2 75. g6 Qe2+ 76. Kg5 Qg2+ 77. Kf6 Qc6+ 78. Kg7 Qd7+ 79. Qf7 Qh3 80. Kg8 Qc8+ 81. Qf8 Qc4+ 82. Qf7 Qc8+ 83. Kg7 Kb1 84. Qf6 Qd7+ 85. Kh6 Qh3+ 86. Kg7 1-0


[Site "https://www.chess.com"]

[Event "Titled Tuesday Blitz April 18 Late 2023"]
[White "Jovic, Stanoje"]
[Black "Ward, Ieuan C"]
[WhiteFideId "905020"]
[BlackFideId "406627"]
[WhiteElo "2236"]
[BlackElo "2339"]
[Result "1-0"]
[Round "09"]
[TimeControl "180+2"]
[Date "2023.04.18"]
[WhiteClock "0:01:06"]
[BlackClock "0:00:23"]

1. c4 Nf6 2. g3 e6 3. Bg2 d5 4. Nf3 Be7 5. O-O O-O 6. d4 dxc4 7. Ne5 Nc6 8. Bxc6 bxc6 9. Nxc6 Qe8 10. Nxe7+ Qxe7 11. Na3 Qb4 12. Qd2 Qxd2 13. Bxd2 Ba6 14. Rfc1 Rab8 15. Rab1 Ne4 16. Bf4 c3 17. bxc3 Rxb1 18. Nxb1 Bxe2 19. Bxc7 Rc8 20. Ba5 Bc4 21. Na3 Bxa2 22. c4 f5 23. f3 Ng5 24. Kf2 Rb8 25. Rc2 Bb1 26. Nxb1 Rxb1 27. c5 Nf7 28. Bc7 Kf8 29. c6 Ke8 30. Bf4 Kd8 31. h4 Kc8 32. Ra2 Nd8 33. Rxa7 Rb2+ 34. Ke1 Rb1+ 35. Kd2 1-0


[Site "https://www.chess.com"]

[Event "Titled Tuesday Blitz April 18 Late 2023"]
[White "reevecanada"]
[Black "Mihajlovskij"]
[WhiteElo "2460"]
[BlackElo "2327"]
[Result "1-0"]
[Round "09"]
[TimeControl "180+2"]
[Date "2023.04.18"]
[WhiteClock "0:01:34"]
[BlackClock "0:00:21"]

1. Nf3 Nf6 2. g3 g6 3. Bg2 Bg7 4. O-O O-O 5. Re1 d5 6. d4 b6 7. Nbd2 Bb7 8. Nf1 c5 9. c3 Nc6 10. Bf4 Nh5 11. e3 Re8 12. h4 f6 13. g4 Nxf4 14. exf4 e5 15. fxe5 fxe5 16. dxe5 Nxe5 17. Nxe5 Rxe5 18. Qd2 Qxh4 19. Rxe5 Bxe5 20. Bxd5+ Kh8 21. Bxb7 Qxg4+ 22. Bg2 Rf8 23. Re1 Bf4 24. Qd5 h5 25. Qb7 Bd6 26. Qd5 Qf4 27. Re2 h4 28. Qe6 Rf6 29. Qh3 Kg7 30. Nd2 g5 31. Ne4 g4 32. Qxh4 Qc1+ 33. Bf1 Rh6 34. Qg5+ Rg6 35. Qxc1 1-0


[Site "https://www.chess.com"]

[Event "Titled Tuesday Blitz April 18 Late 2023"]
[White "Wang, Alexander J"]
[Black "Le Goff, Ronan"]
[WhiteFideId "30955270"]
[BlackFideId "612073"]
[WhiteElo "2319"]
[BlackElo "2275"]
[Result "1/2-1/2"]
[Round "09"]
[TimeControl "180+2"]
[Date "2023.04.18"]
[WhiteClock "0:00:51"]
[BlackClock "0:00:36"]

1. e4 e5 2. Nf3 Nc6 3. Bb5 a6 4. Ba4 Nf6 5. d4 b5 6. dxe5 bxa4 7. exf6 Qxf6 8. Nc3 a3 9. Nd5 Qd8 10. bxa3 Bc5 11. O-O O-O 12. Bf4 d6 13. Rb1 Be6 14. c4 Bxd5 15. exd5 Ne7 16. Qd3 Ng6 17. Bg3 f5 18. h3 f4 19. Bh2 Qf6 20. Rfe1 Ne5 21. Nxe5 dxe5 22. Qf3 Rae8 23. Kh1 e4 24. Rxe4 Rxe4 25. Qxe4 Bxf2 26. Rf1 Be3 27. Bg1 Bxg1 28. Rxg1 Qc3 29. Qe6+ Kh8 30. Qe7 Kg8 31. Qe6+ Kh8 32. Qe7 Kg8 33. Qe6+ 1/2-1/2


[Site "https://www.chess.com"]

[Event "Titled Tuesday Blitz April 18 Late 2023"]
[White "Barria Santos, Jose Guilherme"]
[Black "ElenGajger"]
[WhiteFideId "1939300"]
[WhiteElo "2266"]
[BlackElo "2452"]
[Result "1-0"]
[Round "09"]
[TimeControl "180+2"]
[Date "2023.04.18"]
[WhiteClock "0:00:43"]
[BlackClock "0:00:10"]

1. e4 c5 2. Nf3 g6 3. d4 cxd4 4. Nxd4 Bg7 5. c4 Nc6 6. Be3 Nf6 7. Nc3 O-O 8. Be2 d6 9. O-O Nd7 10. Qd2 a5 11. Ndb5 a4 12. Rac1 Qa5 13. f4 Nc5 14. e5 Nd7 15. exd6 exd6 16. Qxd6 Re8 17. Qd2 Nf6 18. Bf3 Be6 19. Nd6 Red8 20. Nxb7 Rxd2 21. Nxa5 Nxa5 22. Bxd2 Rd8 23. Rfd1 Nxc4 24. Be1 Rb8 25. Nxa4 h5 26. b3 Ne3 27. Rd3 Ned5 28. Bd2 Nb4 29. Bxb4 Rxb4 30. Nc5 Bf5 31. Rd8+ Kh7 32. a4 Rxf4 33. a5 Ng4 34. a6 Ne5 35. a7 Nxf3+ 36. gxf3 Rd4 37. Rxd4 Bxd4+ 38. Kg2 1-0


[Site "https://www.chess.com"]

[Event "Titled Tuesday Blitz April 18 Late 2023"]
[White "Spata, German"]
[Black "Vaglio Munoz, Jaime"]
[WhiteFideId "113026"]
[BlackFideId "6500145"]
[WhiteElo "2238"]
[BlackElo "2199"]
[Result "1-0"]
[Round "09"]
[TimeControl "180+2"]
[Date "2023.04.18"]
[WhiteClock "0:00:07"]
[BlackClock "0:00:06"]

1. e4 e6 2. d3 d5 3. Nd2 Nf6 4. Ngf3 dxe4 5. dxe4 Nbd7 6. Bc4 a6 7. a4 b6 8. O-O Bb7 9. Qe2 Nc5 10. Rd1 Qc8 11. e5 Nd5 12. Nb3 Nxb3 13. Bxb3 h6 14. c3 c5 15. Bc2 Be7 16. h4 Qc6 17. h5 Rd8 18. Be4 Qc7 19. Bd3 Qc6 20. Bxa6 Bxa6 21. Qxa6 Ra8 22. Qc4 O-O 23. Qg4 Kh8 24. c4 Nb4 25. b3 Rad8 26. Bd2 Nc2 27. Rac1 Nd4 28. Nxd4 Rxd4 29. Qe2 Rfd8 30. Be3 R4d7 31. Rxd7 Qxd7 32. g3 Kg8 33. Rc2 Qc6 34. Rd2 Kf8 35. Rxd8+ Bxd8 36. Qd3 Be7 37. Qh7 Ke8 38. Qd3 Qf3 39. Qh7 Qxh5 40. Qxg7 Qd1+ 41. Kg2 h5 42. Qh8+ Kd7 43. Qa8 Qxb3 44. Qb7+ Ke8 45. a5 Qxc4 46. axb6 Bd8 47. Qc6+ Ke7 48. Bxc5+ Qxc5 49. Qxc5+ Kd7 50. Qd6+ Kc8 51. Qc6+ Kb8 52. b7 Bc7 53. f4 h4 54. gxh4 f5 55. exf6 e5 56. f7 exf4 57. f8=Q+ Ka7 58. Qxc7 f3+ 59. Kf1 Ka6 60. Qfc5 f2 61. Q7b6# 1-0


[Site "https://www.chess.com"]

[Event "Titled Tuesday Blitz April 18 Late 2023"]
[White "Marcziter, Dmitrii"]
[Black "Ambartsumova, Karina"]
[WhiteFideId "13900765"]
[BlackFideId "4166299"]
[WhiteElo "2162"]
[BlackElo "2240"]
[Result "1-0"]
[Round "09"]
[TimeControl "180+2"]
[Date "2023.04.18"]
[WhiteClock "0:00:35"]
[BlackClock "0:00:03"]

1. e4 e5 2. Nf3 Nc6 3. Bc4 Nf6 4. Ng5 d5 5. exd5 Na5 6. Bb5+ c6 7. dxc6 bxc6 8. Bd3 Be7 9. O-O O-O 10. a3 h6 11. Ne4 Nxe4 12. Bxe4 f5 13. Bf3 e4 14. Be2 f4 15. f3 Bf5 16. fxe4 Bxe4 17. Nc3 Qd4+ 18. Kh1 Bg6 19. d3 Rae8 20. Bf3 Rf6 21. Bd2 Nb7 22. Re1 Nd6 23. Ne4 Bxe4 24. Bxe4 Qf2 25. Rf1 Qh4 26. Bxc6 Ref8 27. Bd5+ Kh8 28. Bc3 Rf5 29. Bf3 Nf7 30. Qe1 Qg5 31. Qe6 Nd6 32. Rae1 R5f7 33. Re5 Nf5 34. Kg1 Bd6 35. Rxf5 Rxf5 36. Qxd6 Re8 37. Be4 Rff8 38. Qd4 Qg4 39. Qf2 Qg5 40. Bd4 Re7 41. Bc5 Ref7 42. Bxf8 Rxf8 43. Qf3 Qe5 44. c3 Qb5 45. b4 Qg5 46. Kh1 Qe5 47. d4 Qc7 48. Bc2 Re8 49. Qd3 Kg8 50. Qh7+ Kf8 51. Bb3 Re3 52. Qg8+ 1-0


[Site "https://www.chess.com"]

[Event "Titled Tuesday Blitz April 18 Late 2023"]
[White "Gerbelli Neto, Eduardo"]
[Black "Osmak, Yuliia"]
[WhiteFideId "2103281"]
[BlackFideId "14101602"]
[WhiteElo "2178"]
[BlackElo "2291"]
[Result "1-0"]
[Round "09"]
[TimeControl "180+2"]
[Date "2023.04.18"]
[WhiteClock "0:00:35"]
[BlackClock "0:00:53"]

1. e4 c5 2. Nc3 a6 3. f4 b5 4. Nf3 Bb7 5. d3 e6 6. g3 Nf6 7. Bg2 b4 8. Ne2 d5 9. e5 Nfd7 10. O-O Nc6 11. c3 Be7 12. g4 Qb6 13. d4 a5 14. f5 Ba6 15. Be3 cxd4 16. cxd4 Ndxe5 17. Nxe5 Nxe5 18. fxe6 fxe6 19. h3 Nf7 20. Re1 Bxe2 21. Qxe2 O-O 22. Bf2 Nd8 23. Bxd5 exd5 24. Qxe7 Qf6 25. Qxf6 Rxf6 26. Re5 Rd6 27. Re8+ Kf7 28. Rae1 Ra7 29. Bg3 Re6 30. Rxd8 Rxe1+ 31. Bxe1 Ke6 32. Bg3 Ra6 33. Rb8 Rc6 34. Rb5 Rc2 35. Rxa5 Rxb2 36. Be5 g6 37. Ra6+ Ke7 38. Rb6 Kd7 39. h4 h5 40. g5 Ke8 41. Rxg6 Rxa2 42. Rb6 Rb2 43. g6 b3 44. Rb7 Kf8 45. g7+ Kg8 46. Rb8+ Kf7 47. g8=Q+ Ke7 48. Qf8+ 1-0


[Site "https://www.chess.com"]

[Event "Titled Tuesday Blitz April 18 Late 2023"]
[White "Prieto Aranguren, Alain"]
[Black "Aggelis, Nikolaos"]
[WhiteFideId "2268906"]
[BlackFideId "4213220"]
[WhiteElo "2209"]
[BlackElo "2189"]
[Result "0-1"]
[Round "09"]
[TimeControl "180+2"]
[Date "2023.04.18"]
[WhiteClock "0:00:51"]
[BlackClock "0:00:58"]

1. d4 f5 2. Bg5 c6 3. Nc3 d5 4. e3 Nd7 5. h4 Ngf6 6. Nf3 e6 7. Ne5 Be7 8. f4 Nxe5 9. fxe5 Ng4 10. Bxe7 Qxe7 11. Qf3 O-O 12. Qf4 b6 13. Be2 Nh6 14. O-O-O a5 15. Rdg1 Ba6 16. Bd1 b5 17. Qg5 Qxg5 18. hxg5 Ng4 19. Kd2 Nf2 20. Rh4 b4 21. Na4 Ne4+ 22. Kc1 Nxg5 23. Nc5 Bc8 24. Rgh1 h6 25. Bh5 Ne4 26. Na4 Ba6 27. Bg6 Bb5 28. Nb6 Ra7 29. g4 fxg4 30. Bxe4 dxe4 31. b3 Be2 32. Nc4 Raf7 33. Nd6 Rf1+ 34. Rxf1 Rxf1+ 35. Kb2 g3 36. Nxe4 g2 0-1


[Site "https://www.chess.com"]

[Event "Titled Tuesday Blitz April 18 Late 2023"]
[White "Goncalves, Davi Sulzbacher"]
[Black "crosky"]
[WhiteFideId "2154510"]
[WhiteElo "2182"]
[BlackElo "2374"]
[Result "1-0"]
[Round "09"]
[TimeControl "180+2"]
[Date "2023.04.18"]
[WhiteClock "0:00:50"]
[BlackClock "0:00:24"]

1. Nf3 Nf6 2. d4 e6 3. c4 d5 4. Nc3 Bb4 5. Qa4+ Nc6 6. Qc2 b6 7. Bg5 O-O 8. e3 Ba6 9. Ne5 Nxe5 10. dxe5 h6 11. exf6 hxg5 12. fxg7 Kxg7 13. O-O-O Qf6 14. cxd5 Bxf1 15. Rhxf1 Bxc3 16. Qxc3 Qxc3+ 17. bxc3 exd5 18. Rxd5 Kg6 19. Rd7 c5 20. Rfd1 Rh8 21. h3 Rh4 22. Rc7 f6 23. Rdd7 Ra4 24. Kb2 a5 25. g4 Rg8 26. f3 Rc4 27. Rb7 a4 28. a3 b5 29. Rxb5 Rh8 30. Rbb7 f5 31. Rd6# 1-0


[Site "https://www.chess.com"]

[Event "Titled Tuesday Blitz April 18 Late 2023"]
[White "Melikhov, Evgeny V."]
[Black "Harish, Neeraj"]
[WhiteFideId "4122046"]
[BlackFideId "30958130"]
[WhiteElo "2158"]
[BlackElo "1965"]
[Result "1/2-1/2"]
[Round "09"]
[TimeControl "180+2"]
[Date "2023.04.18"]
[WhiteClock "0:00:21"]
[BlackClock "0:00:11"]

1. d4 d5 2. c4 e6 3. Nc3 Nf6 4. cxd5 exd5 5. Bg5 Be7 6. e3 h6 7. Bh4 O-O 8. Bd3 Re8 9. Nf3 c6 10. Qc2 Ne4 11. Bxe7 Qxe7 12. Bxe4 dxe4 13. Nd2 f5 14. Ne2 Be6 15. a3 Nd7 16. b4 Rac8 17. O-O Nb6 18. Qc5 Qxc5 19. bxc5 Nc4 20. Nxc4 Bxc4 21. Rfe1 b6 22. cxb6 axb6 23. Rac1 b5 24. a4 Ra8 25. axb5 Bxb5 26. Nc3 Bc4 27. Ra1 Kf7 28. Reb1 Kf6 29. g3 Rxa1 30. Rxa1 Rb8 31. Rc1 Bd3 32. Kg2 Rb2 33. h3 Kg5 34. Kg1 h5 35. Kg2 h4 36. Na4 Ra2 37. Nc3 Rb2 38. Na4 Ra2 39. Nc3 Rb2 1/2-1/2


[Site "https://www.chess.com"]

[Event "Titled Tuesday Blitz April 18 Late 2023"]
[White "Fajdetic, Hrvoje"]
[Black "Meunier-Pion, Jean"]
[WhiteFideId "14501945"]
[BlackFideId "20685327"]
[WhiteElo "2185"]
[BlackElo "2124"]
[Result "1-0"]
[Round "09"]
[TimeControl "180+2"]
[Date "2023.04.18"]
[WhiteClock "0:00:13"]
[BlackClock "0:01:04"]

1. d4 Nf6 2. Bf4 e6 3. e3 d5 4. Nf3 c5 5. Nc3 a6 6. Ne2 Nc6 7. c3 Be7 8. Ne5 O-O 9. Ng3 Bd7 10. Bd3 b5 11. Nh5 g6 12. Nxf6+ Bxf6 13. Nxc6 Bxc6 14. Qf3 cxd4 15. exd4 Re8 16. Qg3 a5 17. h4 e5 18. dxe5 Qd6 19. O-O-O Bxe5 20. Bxe5 Rxe5 21. h5 b4 22. hxg6 bxc3 23. gxf7+ Kf8 24. Rxh7 cxb2+ 25. Kb1 Ke7 26. Qh4+ Qf6 27. f8=Q+ Kxf8 28. Qxf6+ Kg8 29. Qg7# 1-0


[Site "https://www.chess.com"]

[Event "Titled Tuesday Blitz April 18 Late 2023"]
[White "Volkmann, Andre Jordi"]
[Black "mistrzemi"]
[WhiteFideId "2154463"]
[WhiteElo "1999"]
[BlackElo "2435"]
[Result "1-0"]
[Round "09"]
[TimeControl "180+2"]
[Date "2023.04.18"]
[WhiteClock "0:00:19"]
[BlackClock "0:00:01"]

1. d4 d5 2. c4 e6 3. Nc3 c6 4. Bf4 Nf6 5. e3 Nbd7 6. cxd5 exd5 7. Bd3 Be7 8. Nf3 Nf8 9. h3 Ne6 10. Bh2 O-O 11. O-O b6 12. Ne5 Bb7 13. Rc1 Rc8 14. Bb1 a6 15. Qd3 c5 16. dxc5 bxc5 17. Rfd1 Qb6 18. Ng4 g6 19. Be5 Nxg4 20. hxg4 Rfd8 21. Qe2 d4 22. Ne4 dxe3 23. Qxe3 Qxb2 24. Qh6 Qxe5 25. Re1 Qg7 26. Qe3 Bf8 27. g5 Bxe4 28. Bxe4 Nd4 29. Bd3 h6 30. gxh6 Qxh6 31. Qe4 Re8 32. Qb7 Qg5 33. Bc4 Nf3+ 34. Qxf3 Rxe1+ 35. Rxe1 Rc7 36. Qd5 Kg7 37. Qxg5 1-0


[Site "https://www.chess.com"]

[Event "Titled Tuesday Blitz April 18 Late 2023"]
[White "Gatterer, Florian"]
[Black "ayme97"]
[WhiteFideId "811688"]
[WhiteElo "2221"]
[BlackElo "2232"]
[Result "0-1"]
[Round "09"]
[TimeControl "180+2"]
[Date "2023.04.18"]
[WhiteClock "0:00:01"]
[BlackClock "0:00:08"]

1. c4 Nf6 2. Nf3 g6 3. b3 Bg7 4. Bb2 d6 5. d4 O-O 6. g3 c5 7. Nc3 Nc6 8. Bg2 Bg4 9. dxc5 Ne4 10. Rc1 Qa5 11. Qc2 Bf5 12. O-O Nxc5 13. e4 Bg4 14. Nd5 Bxb2 15. Qxb2 Nd3 16. b4 Qd8 17. Qc3 Nxc1 18. Rxc1 Bxf3 19. Bxf3 Ne5 20. Be2 Rc8 21. Qd4 e6 22. Ne3 Qb6 23. Qd2 Rfd8 24. Kg2 Nc6 25. a3 Qd4 26. Qc2 Qe5 27. f4 Qg7 28. Rd1 f5 29. Bf3 Nd4 30. Qd2 Nxf3 31. Kxf3 fxe4+ 32. Kxe4 d5+ 33. cxd5 exd5+ 34. Nxd5 Rd6 35. Kf3 Rcd8 36. Qa2 Kh8 37. h4 Qf7 0-1


[Site "https://www.chess.com"]

[Event "Titled Tuesday Blitz April 18 Late 2023"]
[White "Shapiro, Viktor"]
[Black "Florianovitz, Derlei Alex"]
[WhiteFideId "4175700"]
[BlackFideId "2114178"]
[WhiteElo "2152"]
[BlackElo "1953"]
[Result "1-0"]
[Round "09"]
[TimeControl "180+2"]
[Date "2023.04.18"]
[WhiteClock "0:00:31"]
[BlackClock "0:00:02"]

1. Nf3 Nf6 2. g3 d5 3. Bg2 c5 4. O-O Nc6 5. d3 e5 6. Bg5 h6 7. Bxf6 Qxf6 8. e4 d4 9. Nbd2 Bd6 10. a4 O-O 11. h3 Be6 12. b3 a6 13. Nc4 Bc7 14. Nh4 b5 15. Nd2 g5 16. Nf5 Nb4 17. Nf3 Rfe8 18. Nh2 Bxf5 19. exf5 Rad8 20. axb5 axb5 21. Ng4 Qd6 22. f6 h5 23. Nh6+ Kf8 24. Qxh5 Qxf6 25. Ra7 Re7 26. Ng4 Qg7 27. Rc1 Rd6 28. Be4 Nd5 29. Ra8+ Bd8 30. Rc8 Rc7 31. Rb8 Nf6 32. Nxf6 Qxf6 33. Ra1 Ke7 34. Raa8 c4 35. bxc4 bxc4 36. Qh7 cxd3 37. Bxd3 Rc3 38. Qg8 Bc7 39. Qe8# 1-0


[Site "https://www.chess.com"]

[Event "Titled Tuesday Blitz April 18 Late 2023"]
[White "Winkels, Marcel"]
[Black "Seletsky, Grigory"]
[WhiteFideId "1003887"]
[BlackFideId "14112191"]
[WhiteElo "1900"]
[BlackElo "2490"]
[Result "0-1"]
[Round "09"]
[TimeControl "180+2"]
[Date "2023.04.18"]
[WhiteClock "0:00:01"]
[BlackClock "0:00:13"]

1. d4 c5 2. Nc3 cxd4 3. Qxd4 Nc6 4. Qh4 d5 5. Bf4 d4 6. Ne4 Qa5+ 7. Bd2 Qd5 8. Nf3 e5 9. e3 f5 10. Ng3 Be7 11. Qh3 e4 12. Nxd4 Nxd4 13. exd4 Nf6 14. c4 Qxd4 15. Bc3 Bb4 16. Ne2 Bxc3+ 17. Nxc3 f4 18. Qh4 e3 19. Rd1 Qe5 20. Be2 O-O 21. O-O g5 22. Qh6 Bg4 23. Bxg4 Nxg4 24. Qd6 e2 25. Qxe5 exf1=Q+ 26. Kxf1 Nxe5 27. Rd5 Rfe8 28. Ne4 h6 29. Nf6+ Kg7 30. Nxe8+ Rxe8 31. f3 Kf6 32. b3 Re7 33. Rd6+ Kg7 34. Rd5 Ng6 0-1


[Site "https://www.chess.com"]

[Event "Titled Tuesday Blitz April 18 Late 2023"]
[White "Golubev, Mikhail"]
[Black "Eisa Mohmood, Alkhoori"]
[WhiteFideId "14100983"]
[BlackFideId "9316116"]
[WhiteElo "2374"]
[BlackElo "1310"]
[Result "1-0"]
[Round "09"]
[TimeControl "180+2"]
[Date "2023.04.18"]
[WhiteClock "0:00:04"]
[BlackClock "0:00:01"]

1. e4 c5 2. Nf3 d6 3. d4 cxd4 4. Nxd4 Nf6 5. Nc3 g6 6. Be3 Bg7 7. f3 O-O 8. Qd2 Nc6 9. Bc4 Bd7 10. g4 Rb8 11. O-O-O Na5 12. Be2 b5 13. Ndxb5 Nc6 14. Kb1 Qa5 15. Nd4 Rfc8 16. Nb3 Qb4 17. g5 Nh5 18. Nd5 Qb7 19. f4 a5 20. a4 Be6 21. f5 Bxd5 22. Qxd5 Qc7 23. fxg6 hxg6 24. Rhf1 Ne5 25. Rd2 Rb4 26. Bb5 Rb8 27. Bd4 R8xb5 28. axb5 a4 29. Qa8+ Kh7 30. b6 Qc4 31. Rc1 axb3 32. cxb3 Qxb3 33. Rc3 Qe6 34. b7 Nc4 35. Rxc4 1-0


[Site "https://www.chess.com"]

[Event "Titled Tuesday Blitz April 18 Late 2023"]
[White "brm72"]
[Black "Allam, Yara"]
[BlackFideId "10615709"]
[WhiteElo "2567"]
[BlackElo "1758"]
[Result "1-0"]
[Round "09"]
[TimeControl "180+2"]
[Date "2023.04.18"]
[WhiteClock "0:00:19"]
[BlackClock "0:00:08"]

1. e4 c5 2. Nf3 d6 3. d4 cxd4 4. Nxd4 Nf6 5. Nc3 a6 6. f3 Nc6 7. Be3 e6 8. Qd2 Be7 9. O-O-O h5 10. Kb1 Bd7 11. h3 b5 12. Nxc6 Bxc6 13. Ne2 Qc7 14. Nd4 Bd7 15. Bd3 d5 16. e5 Ng8 17. g4 Qxe5 18. f4 Qc7 19. Nf3 Nf6 20. g5 Ng8 21. Bd4 f6 22. Bg6+ Kd8 23. Rhe1 Bd6 24. gxf6 gxf6 25. f5 e5 26. Bc3 a5 27. Qxd5 Ra6 28. Qf7 Kc8 29. Qg7 Ne7 30. Qxh8+ Kb7 31. Qxf6 b4 32. Bd2 Rc6 33. Rc1 Nd5 34. Qg5 a4 35. Qh4 a3 36. b3 Nc3+ 37. Bxc3 Rxc3 38. Nd2 Bc6 39. f6 Bd5 40. Be4 Bxe4 41. Nxe4 Bf8 42. Red1 Re3 43. Rd3 Rxd3 44. cxd3 Qd7 45. Qg3 Qd4 46. Rc2 Bc5 47. Nxc5+ Kb6 48. Qf2 Kb5 49. Qxd4 exd4 50. f7 1-0


[Site "https://www.chess.com"]

[Event "Titled Tuesday Blitz April 18 Late 2023"]
[White "Nemsko"]
[Black "Hirneise, Jens"]
[BlackFideId "24614734"]
[WhiteElo "2293"]
[BlackElo "2345"]
[Result "1-0"]
[Round "09"]
[TimeControl "180+2"]
[Date "2023.04.18"]
[WhiteClock "0:00:07"]
[BlackClock "0:00:04"]

1. d4 d5 2. Nc3 c6 3. Bf4 Nf6 4. e3 b5 5. Bd3 b4 6. Nce2 e6 7. Nf3 Be7 8. O-O O-O 9. Ne5 c5 10. c3 bxc3 11. bxc3 cxd4 12. cxd4 Nfd7 13. Qc2 g6 14. Nc6 Nxc6 15. Qxc6 Nb6 16. Rfc1 Bd7 17. Qb7 Bc8 18. Qc6 Bd7 19. Qb7 g5 20. Bg3 h5 21. h3 h4 22. Bh2 Ba4 23. Nc3 Bd7 24. Nb5 Bxb5 25. Bxb5 Bd6 26. Bxd6 Qxd6 27. Rc6 Qb4 28. a4 Rfb8 29. Qa6 Nc8 30. Rac1 Ne7 31. Rd6 Nf5 32. Rd7 Qd2 33. Qc6 Rc8 34. Rc7 Rd8 35. Bf1 Nd6 36. Rc2 Qd1 37. Rc1 Qb3 38. Rc3 Qb2 39. Rc2 Qb4 40. Qc5 Qxc5 41. R2xc5 Ne4 42. Rb5 a6 43. Rbb7 Rf8 44. Rd7 Nf6 45. Rdc7 a5 46. Bd3 Kg7 47. Bb5 Ng8 48. f3 Nh6 49. Kf2 Nf5 50. Bd7 Nd6 51. Ra7 Rxa7 52. Rxa7 Kf6 53. Rxa5 Rb8 54. Bb5 Rc8 55. Ra7 Rc2+ 56. Be2 Nc4 57. a5 Ra2 58. a6 Nb2 59. e4 dxe4 60. fxe4 Nc4 61. Ra8 Nb6 62. Ra7 Kg7 63. Ke3 Ra3+ 64. Kf2 Ra2 65. Ke3 Ra3+ 66. Bd3 Nc4+ 67. Ke2 Ra2+ 68. Kf3 Nd2+ 69. Ke3 Nb3 70. Rb7 Nc1 71. a7 Nxd3 72. Kxd3 Ra3+ 73. Kc4 Ra2 74. Kb5 Rb2+ 75. Kc6 Ra2 76. Kc7 Ra4 77. Kb8 Rxd4 78. a8=Q Rxe4 79. Qa7 Rf4 80. Re7 e5 81. Ka8 Kf6 82. Qc7 Rf5 83. Qd6+ Kg7 84. Rxe5 Rf6 85. Qd4 Kg6 86. Re4 Ra6+ 87. Kb7 Rf6 88. Qd3 Kg7 89. Rg4 Rg6 90. Qf5 f6 91. Qd7+ Kh6 92. Qe8 Rg7+ 93. Kc6 f5 94. Qh8+ Kg6 95. Rd4 Rf7 96. Rd6+ Rf6 97. Rxf6# 1-0


[Site "https://www.chess.com"]

[Event "Titled Tuesday Blitz April 18 Late 2023"]
[White "Sarkar, Justin"]
[Black "Bilan, Danila"]
[WhiteFideId "2010011"]
[BlackFideId "24161918"]
[WhiteElo "2189"]
[BlackElo "2182"]
[Result "0-1"]
[Round "09"]
[TimeControl "180+2"]
[Date "2023.04.18"]
[WhiteClock "0:00:10"]
[BlackClock "0:00:16"]

1. d4 d5 2. c4 c6 3. Nf3 Nf6 4. Nc3 e6 5. e3 Nbd7 6. Ne5 Nxe5 7. dxe5 Nd7 8. f4 Bc5 9. Bd3 b6 10. O-O Ba6 11. cxd5 Bxd3 12. Qxd3 cxd5 13. Kh1 f5 14. exf6 Nxf6 15. e4 dxe4 16. Qc4 O-O 17. Nxe4 Qd5 18. Nxf6+ Rxf6 19. Qxd5 exd5 20. Bd2 Re8 21. Rae1 Rfe6 22. Rxe6 Rxe6 23. Rd1 Re2 24. h3 d4 25. Kh2 Kf7 26. Kg3 g6 27. Kf3 d3 0-1


[Site "https://www.chess.com"]

[Event "Titled Tuesday Blitz April 18 Late 2023"]
[White "TheKnightOfBosnia"]
[Black "Tyagi, Kushan"]
[BlackFideId "2040069"]
[WhiteElo "2481"]
[BlackElo "2274"]
[Result "0-1"]
[Round "09"]
[TimeControl "180+2"]
[Date "2023.04.18"]
[WhiteClock "0:00:27"]
[BlackClock "0:00:15"]

1. e4 c5 2. Nf3 e6 3. d4 cxd4 4. Nxd4 a6 5. Bd3 Bc5 6. Nb3 Be7 7. Qe2 Qc7 8. O-O d6 9. c4 Nd7 10. Nc3 b6 11. Kh1 Bb7 12. Be3 Ngf6 13. Rad1 h5 14. f4 g6 15. f5 gxf5 16. exf5 e5 17. Bg5 h4 18. Bxf6 Nxf6 19. Ne4 h3 20. Nxf6+ Bxf6 21. Be4 hxg2+ 22. Qxg2 O-O-O 23. Bxb7+ Qxb7 24. Qxb7+ Kxb7 25. Nd2 Rh4 26. Rfe1 Rdh8 27. Re2 Rd4 28. Rg1 Rhh4 29. b3 e4 30. Rf1 Be5 31. Rfe1 Bxh2 32. Rxe4 Bg3+ 33. Kg1 Bxe1 34. Re7+ Kc6 35. Nf3 Rde4 36. Rxf7 Rhg4+ 37. Kf1 Rgf4 38. Kg2 Re2+ 39. Kg1 Rxf3 40. b4 Bxb4 41. c5 Rc3 42. Kf1 Rxa2 43. Re7 Rc1+ 44. Re1 Rxe1# 0-1


[Site "https://www.chess.com"]